 Dungeon Crawl Stone Soup version 0.20.1-1-g8b1a95d (webtiles) character file.

1061 Folque the Conjurer (level 8, 0/50 HPs)
             Began as an Octopode Wizard on Dec 4, 2017.
             Slain by a howler monkey skeleton (4 damage)
             ... on level 6 of the Dungeon.
             The game lasted 00:26:30 (6361 turns).

Folque the Conjurer (Octopode Wizard)               Turns: 6361, Time: 00:26:31

Health: 0/50       AC:  1    Str:  7    XL:     8   Next: 27%
Magic:  2/16       EV:  2    Int: 27    God:
Gold:   342        SH:  0    Dex: -2 (10) Spells: 10/18 levels left

rFire    . . .     SeeInvis .   y - +2 rapier (venom)
rCold    . . .     Gourm    .   (no shield)
rNeg     . . .     Faith    +   a - +0 hat
rPois    .         Spirit   .   o - amulet of faith
rElec    .         Reflect  .   l - ring of flight
rCorr    .         Harm     .   n - +5 ring of intelligence
MR       .....                  (no ring)
Stlth    ..........             (no ring)
Regen    0.2/turn               (no ring)
MPRegen  0.2/turn               (no ring)
                                (no ring)
                                (no ring)

@: slowed, lost dexterity, very slow
A: almost no armour, stealthy swim, amphibious, 8 rings, constrict 8, camouflage
1, gelatinous body 1
a: Evoke Flight


You were on level 6 of the Dungeon.
You were not hungry.

You visited 1 branch of the dungeon, and saw 6 of its levels.

You collected 342 gold pieces.

Inventory:

Hand Weapons
 p - a +0 whip of flaming
 y - a +2 rapier of venom (weapon)
 J - a +2 flail of draining
Armour
 a - a +0 hat (worn)
Jewellery
 l - a ring of flight (left tentacle)
 n - a +5 ring of intelligence (right tentacle)
 o - an amulet of faith (around mantle)
 G - an uncursed amulet of regeneration {unknown}
Wands
 B - a wand of acid (0/15)
 H - a wand of random effects (30/48)
 K - a wand of flame (21/48)
 M - a wand of paralysis (13/24)
Scrolls
 g - a scroll of magic mapping {unknown}
 h - a scroll of blinking {unknown}
 k - 5 scrolls of remove curse
 s - a scroll of enchant armour {unknown}
 t - 6 scrolls of identify
 u - a scroll of random uselessness
 w - a scroll of immolation {unknown}
 z - a scroll of fear {unknown}
Potions
 f - 2 potions of curing
 j - a potion of resistance {unknown}
 q - a potion of brilliance {unknown}
 r - 2 potions of agility
 v - a potion of mutation {unknown}
 A - 2 potions of flight {unknown}
 C - 3 potions of berserk rage {unknown}
 D - a potion of haste {unknown}
 E - a potion of degeneration {unknown}
 F - a potion of lignification {unknown}
 L - a potion of ambrosia {unknown}
Books
 b - a book of Minor Magic

   Spells                             Type                      Level
   a - Magic Dart                     Conjuration                  1
   b - Blink                          Translocation                2
   c - Call Imp                       Summoning                    2
   d - Slow                           Hexes                        2
   e - Conjure Flame                  Conjuration/Fire             3
   f - Mephitic Cloud                 Conjuration/Poison/Air       3
Comestibles
 c - 4 bread rations
 m - 7 fruits
 x - 2 royal jellies
 I - a meat ration


   Skills:
 - Level 2.0 Fighting
 - Level 2.0 Dodging
 - Level 2.6 Stealth
 + Level 5.7 Spellcasting
 * Level 5.8 Conjurations
 - Level 1.0 Summonings
 - Level 1.0 Translocations
 - Level 5.0 Poison Magic


You had 10 spell levels left.
You knew the following spells:

 Your Spells              Type           Power        Failure   Level  Hunger
a - Magic Dart            Conj           ####         1%          1    None
b - Call Imp              Summ           ##......     7%          2    None
c - Blink                 Tloc           N/A          7%          2    None
d - Mephitic Cloud        Conj/Pois/Air  ####....     4%          3    None


Dungeon Overview and Level Annotations

Branches:
Dungeon (6/15)
 Temple: D:4-7

Altars:
Fedhas
Kikubaaqudgha
Yredelemnul

Annotations:
D:6 Menkaure; Moraw's ghost, novice MiFi


Innate Abilities, Weirdness & Mutations

You cannot wear most types of armour.
You are very stealthy in the water. (Stealth+)
You are amphibious.
You can wear up to eight rings at the same time.
You can use your tentacles to constrict eight enemies at once.
Your skin changes colour to match your surroundings (Stealth+).
Your rubbery body absorbs attacks. (AC +1, EV +1)


Message History

Aiming: Throw Flame (will waste charges)
Press: ? - help, Shift-Dir - straight line, f/p - howler monkey skeleton
Aim: a howler monkey skeleton The puff of flame misses the killer bee zombie.
The puff of flame hits the howler monkey skeleton.
The howler monkey skeleton is moderately damaged.
Evoking this partially-identified wand wasted a few charges.
The killer bee zombie hits you but does no damage.
The killer bee zombie hits you.
* * * LOW HITPOINT WARNING * * *
The killer bee zombie hits you.
* * * LOW HITPOINT WARNING * * *
You hit the killer bee zombie.
You destroy the killer bee zombie!
The howler monkey skeleton hits you.
* * * LOW HITPOINT WARNING * * *
The howler monkey skeleton barely misses you.
Your magical contamination has completely faded away.
The howler monkey skeleton hits you.
You die...

#### .... .#### #.#
....# #)# #...+ #.#
....# #.... .####
#.#.# ##
#.#.###########
.######.#......Z@...#
.....##.#..########.#
#.(..##.#..#
.....##.#..#
...)..)....#
#######.##.# #.##.#
...... #..##.##


You could see a howler monkey skeleton.

Vanquished Creatures
  3 ogres
  A centaur (D:5)
  A scorpion (D:4)
  An electric eel (D:6)
  A quasit (D:6)
  A hound (D:6)
  An orc wizard (D:5)
  A gnoll shaman (D:4)
  A centaur skeleton (D:5)
  Ijyb (D:4)
  A worker ant (D:3)
  A killer bee zombie (D:6)
  5 gnolls
  6 adders
  A shadow imp (D:6)
  2 oozes
  3 adder zombies (D:5)
  2 adder skeletons
  3 worms
  5 dart slugs
  3 leopard geckos
  9 orcs
  2 bat skeletons (D:3)
  A bat zombie (D:3)
  7 giant cockroaches
  4 goblins
  6 hobgoblins
  3 jackals (D:2)
  4 quokkas
  4 ball pythons
  13 bats
  4 frilled lizards
  4 kobolds
  A leopard gecko skeleton (D:5)
  7 rats
113 creatures vanquished.

Vanquished Creatures (collateral kills)
  Eustachio (D:5)
  An ogre (D:6)
  An orc wizard (D:3)
  2 gnolls (D:5)
  An ooze (D:2)
  A worm (D:2)
  An orc (D:3)
  A bat zombie (D:3)
  A giant cockroach (D:1)
  A goblin (D:1)
  2 jackals (D:1)
  A bat (D:1)
14 creatures vanquished.

Grand Total: 127 creatures vanquished

Notes
Turn   | Place    | Note
-------+----------+-------------------------------------------
     0 | D:1      | Folque the Octopode Wizard began the quest for the Orb.
     0 | D:1      | Reached XP level 1. HP: 11/11 MP: 4/4
    98 | D:1      | Reached skill level 1 in Fighting
   153 | D:1      | Reached XP level 2. HP: 10/18 MP: 1/6
   157 | D:1      | Learned a level 2 spell: Call Imp
   160 | D:1      | Learned a level 2 spell: Blink
   783 | D:1      | Reached XP level 3. HP: 17/24 MP: 4/7
  1596 | D:2      | Reached XP level 4. HP: 25/29 MP: 9/9
  1874 | D:2      | Learned a level 3 spell: Mephitic Cloud
  2212 | D:3      | Reached skill level 1 in Poison Magic
  2288 | D:3      | Found a blossoming altar of Fedhas.
  2324 | D:3      | Reached XP level 5. HP: 29/34 MP: 8/11
  2787 | D:3      | Found a faded altar of an unknown god.
  3052 | D:3      | Found an ancient bone altar of Kikubaaqudgha.
  3449 | D:4      | Noticed an ogre
  3475 | D:4      | Killed an ogre
  3475 | D:4      | Reached XP level 6. HP: 39/39 MP: 6/12
  4536 | D:5      | Entered Level 5 of the Dungeon
  4536 | D:5      | Noticed Ijyb
  4556 | D:4      | Killed Ijyb
  4632 | D:5      | Noticed Eustachio
  4839 | D:5      | Found a basalt altar of Yredelemnul.
  4924 | D:5      | Reached XP level 7. HP: 31/45 MP: 9/14
  5019 | D:5      | Reached skill level 5 in Poison Magic
  5264 | D:5      | Killed Eustachio
  5264 | D:5      | Reached skill level 5 in Spellcasting
  5613 | D:6      | Noticed Moraw's ghost (novice MiFi)
  5731 | D:6      | Reached skill level 5 in Conjurations
  5731 | D:6      | Reached XP level 8. HP: 39/50 MP: 13/16
  6141 | D:6      | Lost dexterity.
  6294 | D:6      | Noticed Menkaure
  6348 | D:6      | HP: 1/50 [killer bee zombie (8)]
  6353 | D:6      | HP: 1/50 [killer bee zombie (8)]
  6361 | D:6      | Slain by a howler monkey skeleton

Skill      XL: |  1  2  3  4  5  6  7 |
---------------+----------------------+-----
Fighting       | 1 2 |  2.0
Conjurations   | 2 3 5 |  5.8
Spellcasting   | 4 5 |  5.7
Poison Magic   | 1 3 4 5 |  5.0
Dodging        | |  2.0
Stealth        | |  2.6
Summonings     | |  1.0
Translocations | |  1.0

Action                   |  1- 3 |  4- 6 |  7- 9 || total
-------------------------+-------+-------+-------++-------
Melee: Club              |    10 |       |       ||    10
       Constrict         |    15 |    45 |    12 ||    72
       Dagger            |    54 |     9 |       ||    63
       Tentacles         |     5 |    27 |     9 ||    41
       Whip              |       |   159 |    27 ||   186
       Flail             |       |       |     9 ||     9
       Rapier            |       |       |    20 ||    20
 Cast: Magic Dart        |    23 |    14 |    28 ||    65
       Call Imp          |     8 |    11 |    20 ||    39
       Blink             |     3 |     2 |     5 ||    10
       Mephitic Cloud    |       |     7 |    12 ||    19
Evoke: Wand              |       |       |     5 ||     5
  Use: Scroll            |     2 |     4 |     3 ||     9
       Potion            |     1 |       |     3 ||     4
 Stab: Sleeping          |     5 |    11 |     2 ||    18
       Confused          |       |     4 |     3 ||     7
       Distracted        |       |     1 |       ||     1
  Eat: Chunk             |     2 |    11 |     5 ||    18
Armor: Skin              |    15 |    12 |     8 ||    35
Dodge: Dodged            |    83 |   107 |    51 ||   241
